 Dungeon Crawl Stone Soup version 0.21-a0-361-g4efd3f9 (webtiles) character file.

29 Dfrag the Firebug (level 3, 24/24 HPs)
             Began as a Demonspawn Fire Elementalist on Oct 13, 2017.
             Quit the game on level 2 of the Dungeon.
             The game lasted 00:01:03 (944 turns).

Dfrag the Firebug (Demonspawn Fire Elementalist)     Turns: 944, Time: 00:01:03

Health: 24/24      AC:  3    Str:  8    XL:     3   Next: 1%
Magic:  9/15       EV: 12    Int: 17    God:
Gold:   42         SH:  0    Dex: 11    Spells: 5/6 levels left

rFire    . . .     SeeInvis .   h - +0 mace
rCold    . . .     Gourm    .   (no shield)
rNeg     . . .     Faith    .   a - +0 robe
rPois    .         Spirit   .   (no helmet)
rElec    .         Reflect  .   (no cloak)
rCorr    .         Harm     .   (no gloves)
MR       .....                  i - +0 pair of boots
Stlth    ++........             (no amulet)
HPRegen  0.08/turn              g - -2 ring of dexterity (curse)
MPRegen  0.14/turn              f - ring of magical power

@: very slightly contaminated
A: hooves 1, spiny 1
a: no special abilities


You were on level 2 of the Dungeon.
You were not hungry.

You visited 1 branch of the dungeon, and saw 2 of its levels.

You collected 42 gold pieces.

Inventory:

Hand Weapons
 h - a +0 mace (weapon)
Armour
 a - a +0 robe (worn)
 i - a +0 pair of boots (worn)
Jewellery
 f - a ring of magical power (right hand)
 g - a cursed -2 ring of dexterity (left hand)
Scrolls
 e - a scroll of random uselessness {unknown}
 j - 2 scrolls of teleportation {unknown}
 l - a scroll of blinking {unknown}
Potions
 k - a potion of invisibility {unknown}
Books
 b - a book of Flames

   Spells                             Type                      Level
   a - Flame Tongue                   Conjuration/Fire             1
   b - Throw Flame                    Conjuration/Fire             2
   c - Conjure Flame                  Conjuration/Fire             3
   d - Inner Flame                    Hexes/Fire                   3
   e - Sticky Flame                   Conjuration/Fire             4
   f - Fireball                       Conjuration/Fire             5
Comestibles
 c - a bread ration
 d - a royal jelly


   Skills:
 - Level 1.7 Dodging
 - Level 1.7 Stealth
 + Level 2.4 Spellcasting
 + Level 1.9 Conjurations
 + Level 3.1 Fire Magic


You had 5 spell levels left.
You knew the following spells:

 Your Spells              Type           Power        Failure   Level  Hunger
a - Flame Tongue          Conj/Fire      ##...        7%          1    #......


Dungeon Overview and Level Annotations

Branches:
Dungeon (2/15)

Altars:


Innate Abilities, Weirdness & Mutations

You have large cloven feet.
You are partially covered in sharp spines.


Message History

You kill the bat!
You have reached level 3!
Your experience leads to an increase in your attributes!
Your base attributes are Str 8, Int 16, Dex 13.
Increase (S)trength, (I)ntelligence, or (D)exterity?
You feel clever.
Your demonic ancestry asserts itself...
Sharp spines emerge from parts of your body.
The bat is struck by your spines. The bat barely misses you.
Casting: Flame Tongue
Confirm with . or Enter, or press ? or * to list all spells.
Aiming: Flame Tongue
Press: ? - help, Shift-Dir - straight line, f - bat
Aim: a bat (moderately wounded)
The flame tongue hits the bat.
You kill the bat!
Casting: Flame Tongue
Confirm with . or Enter, or press ? or * to list all spells.
You can't see any susceptible monsters within range! (Use Z to cast anyway.) Unknown command.
Are you sure you want to abandon this character and quit the game? (Confirm with "yes".)

.. ..)##.# ......#
#.##.##.# .....#
#.......# ....#
####.#### ...# ##.##
..# ##...# #.###
#....# ..##.####.#.##
#....#
.....†)@!..#.###.####
####.##.#.....##.#
#$..#.#.#...#
#.#...#...###
#...#####.# ..#.. ..#
####.# .### #.# .. ##


There were no monsters in sight!

Vanquished Creatures
  A gnoll (D:1)
  A leopard gecko (D:1)
  2 giant cockroaches (D:1)
  3 hobgoblins (D:1)
  3 bats
  A frilled lizard (D:1)
  3 goblins
  2 kobolds (D:1)
  4 rats
20 creatures vanquished.

Notes
Turn   | Place    | Note
-------+----------+-------------------------------------------
     0 | D:1      | Dfrag the Demonspawn Fire Elementalist began the quest for the Orb.
     0 | D:1      | Reached XP level 1. HP: 13/13 MP: 3/3
   195 | D:1      | Gained mutation: You have large cloven feet. [demonic ancestry]
   195 | D:1      | Reached XP level 2. HP: 19/19 MP: 0/5
   307 | D:1      | Reached skill level 3 in Fire Magic
   941 | D:2      | Gained mutation: You are partially covered in sharp spines. [demonic ancestry]
   941 | D:2      | Reached XP level 3. HP: 24/24 MP: 6/6
   944 | D:2      | Quit the game

Vault maps used:
D:1:      dpeg_arrival_rooms_c
D:2:      serial_undead, serial_undead_c, serial_undead_c, serial_undead_c,
          serial_undead_d, serial_undead_f, serial_undead_a, minmay_pentomino_q4

Skill      XL: |  1  2 |
---------------+-------+-----
Fire Magic     | 3 |  3.1
Dodging        | |  1.7
Stealth        | |  1.7
Spellcasting   | |  2.4
Conjurations   | |  1.9

Action                   || total
-------------------------++-------
Melee: Unarmed           ||     4
       Mace              ||     4
 Cast: Flame Tongue      ||    37
Armor: Robe              ||     4
Dodge: Dodged            ||    20

Table legend:
 A = Spawn XP
 B = Non-spawn XP
 C = Spawn XP percentage of total XP
 D = Spawn monster count
 E = Non-spawn monster count
 F = Spawn count percentage of total count
 G = Total turns spent on level
                    A         B        C        D         E        F      G
               +---------+---------+-------+---------+---------+-------+---------
         Total |       0 |      42 |   0.0 |       0 |      20 |   0.0 |   944
               +---------+---------+-------+---------+---------+-------+---------
           D:1 |       0 |      37 |   0.0 |       0 |      16 |   0.0 |   909
           D:2 |       0 |       5 |   0.0 |       0 |       4 |   0.0 |    35
               +---------+---------+-------+---------+---------+-------+---------
